 Dungeon Crawl Stone Soup version 0.31-a0-765-g67fe2935dc (webtiles) character file.

Game seed: 1713032270231875805

193 randomguy2701 the Conjurer (level 5, 0/31 HPs)
             Began as an Octopode Conjurer on Sept 15, 2023.
             Slain by a sleepcap (22 damage)
             ... on level 4 of the Dungeon.
             The game lasted 00:03:50 (3519 turns).

randomguy2701 the Conjurer (Octopode Conjurer)      Turns: 3519, Time: 00:03:51

Health: 0/31       AC:  1    Str:  6    XL:     5   Next: 72%
Magic:  0/10       EV:  2    Int: 23    God:
Gold:   189        SH:  0    Dex: 10    Spells: 7/10 levels left

rFire   . . .        (no weapon)
rCold   . . .        (no shield)
rNeg    . . .        l - +0 hat
rPois   .            (no amulet)
rElec   .            f - ring of flight
rCorr   .            (no ring)
SInv    .            (no ring)
Will    .....        (no ring)
Stlth   +++          (no ring)
HPRegen 0.25/turn    (no ring)
MPRegen 0.12/turn    (no ring)
                     (no ring)

%: no passive effects
@: sleeping, flying
A: almost no armour, amphibious, 8 rings, camouflage 1, gelatinous body 1,
(nimble swimmer 1), tentacles
a: no special abilities


You were on level 4 of the Dungeon.
You visited 1 branch of the dungeon, and saw 4 of its levels.

You collected 189 gold pieces.

Inventory:

Armour
 l - a +0 hat (worn)
Jewellery
 f - a ring of flight (left tentacle)
Scrolls
 b - a scroll of torment {unknown}
 c - 3 scrolls of identify {unknown}
 d - 2 scrolls of fear {unknown}
 e - 2 scrolls of revelation {unknown}
 g - a scroll of acquirement {unknown}
 h - a scroll of poison {unknown}
 i - 3 scrolls of blinking {unknown}
 j - a scroll of noise {unknown}
 o - a scroll of fog {unknown}
 q - a scroll of immolation
 r - 2 scrolls of enchant weapon {unknown}
Potions
 a - a potion of magic
 k - a potion of ambrosia {unknown}
 m - a potion of haste {unknown}
 n - a potion of brilliance {unknown}
 p - 2 potions of heal wounds {unknown}
 s - 2 potions of curing {unknown}
 t - 2 potions of lignification {unknown}


   Skills:
 + Level 2.5 Dodging
 + Level 3.7 Stealth
 + Level 0.6 Unarmed Combat
 + Level 3.4 Spellcasting
 + Level 5.2 Conjurations


You had 7 spell levels left.
You knew the following spells:

 Your Spells              Type           Power      Damage    Failure   Level
a - Magic Dart            Conj           100%       1d8       1%          1
b - Searing Ray           Conj           56%        2d6       1%          2

Your spell library contained the following spells:

 Spells                   Type           Power      Damage    Failure   Level
 Apportation              Tloc           6%         N/A       11%         1
 Necrotise                Necr           12%        1d4       11%         1
 Summon Small Mammal      Summ           12%        N/A       11%         1
 Dazzling Flash           Conj/Hex       32%        N/A       11%         3
 Fulminant Prism          Conj/Hex       8%         3d6       36%         4
 Iskenderun's Mystic Bla  Conj/Tloc      16%        2d5       36%         4


Dungeon Overview and Level Annotations

Branches:
Dungeon (4/15)
 Temple: D:4-7

Altars:
Ashenzari
Vehumet
Zin


Innate Abilities, Weirdness & Mutations

You cannot wear most types of armour.
You are amphibious.
You can wear up to eight rings at the same time.
Your skin changes colour to match your surroundings (Stealth+).
Your rubbery body absorbs attacks. (AC +1, EV +1)
((You are camouflaged when in or above water. (Stealth+)))
You have tentacles for arms and can constrict up to eight enemies at once.


Message History

There is an open door here.
A sleepcap is nearby!
A sleepcap is nearby!
A sleepcap is nearby!
The magic dart hits the sleepcap but does no damage.
The magic dart hits the sleepcap.
The sleepcap is moderately damaged.
The sleepcap closely misses you.
The magic dart hits the sleepcap.
The sleepcap is moderately damaged.
The sleepcap releases spores at you but does no damage.
The magic dart hits the sleepcap but does no damage.
The sleepcap is moderately damaged.
The sleepcap closely misses you.
The magic dart hits the sleepcap.
The sleepcap is heavily damaged.
The sleepcap misses you.
The magic dart hits the sleepcap.
The sleepcap is severely damaged.
The sleepcap closely misses you.
The magic dart hits the sleepcap.
The sleepcap is severely damaged.
The sleepcap releases spores at you.
The magic dart hits the sleepcap.
The sleepcap is severely damaged.
The sleepcap releases spores at you but does no damage.
The magic dart hits the sleepcap but does no damage.
The sleepcap is severely damaged.
The sleepcap releases spores at you but does no damage.
The magic dart hits the sleepcap.
The sleepcap is almost destroyed.
The sleepcap closely misses you.
The magic dart hits the sleepcap.
The sleepcap is almost destroyed.
The sleepcap releases spores at you!
You are engulfed in a cloud of soporific spores!
You fall asleep.
The sleepcap releases spores at you!!
Ouch! That really hurt!
You die...

#### ##..(+
#.(.†.
#.....###
#.[..f@.####..#
.##$?.##......#
#.#####.#######
..........#
..........# ###
..........#
#.######
..........#
#..>...#
..........#
#.####.#
..........# #.#
#.#


You could see a sleepcap.

Vanquished Creatures
  An orc priest (D:3)
  An iguana (D:3)
  2 adders (D:4)
  3 gnolls (D:3)
  2 dart slugs
  13 orcs (D:3)
  11 ball pythons
  3 endoplasms
  A giant cockroach (D:2)
  5 goblins
  5 hobgoblins
  9 jackals (D:2)
  6 kobolds
  A quokka (D:3)
  4 bats
  4 frilled lizards
  A rat (D:2)
72 creatures vanquished.

Notes
Turn   | Place    | Note
-------+----------+-------------------------------------------
     0 | D:1      | randomguy2701 the Octopode Conjurer began the quest for the
                  | Orb.
     0 | D:1      | Reached XP level 1. HP: 11/11 MP: 3/3
   233 | D:1      | Reached XP level 2. HP: 17/17 MP: 3/5
  1072 | D:2      | Reached XP level 3. HP: 21/21 MP: 3/6
  1509 | D:2      | Found a faded altar of an unknown god.
  1936 | D:3      | Reached XP level 4. HP: 24/27 MP: 3/7
  2164 | D:3      | Learned a level 2 spell: Searing Ray
  2340 | D:3      | Reached skill level 5 in Conjurations
  2340 | D:3      | Reached XP level 5. HP: 31/31 MP: 2/9
  2526 | D:3      | Identified the +7 chain mail of Teuts {-Tele rCorr SInv}
  3346 | D:4      | Found a glowing silver altar of Zin.
  3361 | D:4      | Found a radiant altar of Vehumet.
  3361 | D:4      | Found a broken altar of Ashenzari.
  3519 | D:4      | Slain by a sleepcap

Illustrated notes

Levels and vault maps discovered:
D:1:      lemuel_arrival_broad_hall, layout_basic
D:2:      layout_basic, hellmonk_ecumenical_altar_blasted
D:3:      layout_loops_ring
D:4:      minmay_diamond_boxcup, layout_basic, zin_statuary,
          gammafunk_temple_overflow_elements, minmay_temple_entry_statues,
          serial_rivers, chequers_serial_rivers_micro_e,
          chequers_serial_rivers_small_a, chequers_serial_rivers_micro_a,
          chequers_serial_rivers_room_a, chequers_serial_rivers_micro_e,
          chequers_serial_rivers_small_b, kennysheep_decorative_pillar,
          minmay_joined_circles

Skill      XL: |  1  2  3  4  5 |
---------------+----------------+-----
Stealth        | 3 |  3.7
Conjurations   | 5 |  5.2
Spellcasting   | 3 |  3.4
Dodging        | |  2.5
Unarmed Combat | |  0.6

Action                     |  1- 3 |  4- 6 || total
---------------------------+-------+-------++-------
  Melee: Unarmed           |    19 |     6 ||    25
         Constrict         |     6 |     1 ||     7
         Tentacles         |     4 |     4 ||     8
   Cast: Magic Dart        |    80 |    75 ||   155
         Searing Ray       |       |     2 ||     2
 Armour: Skin              |    14 |    15 ||    29
  Dodge: Dodged            |    29 |    12 ||    41

Table legend: (Time is in decaauts)
 A = Elapsed time spent in this place.
 B = Non-inter-level travel time spent in this place.
 C = Inter-level travel time spent in this place.
 D = Time resting spent in this place.
 E = Time spent auto-exploring this place.
 F = Levels seen in this place.
 G = Mean time per level.
                   A        B        C        D        E       F      G
               +--------+--------+--------+--------+--------+-----+--------+
         Total |   3521 |   3458 |     63 |     98 |   2975 |   4 |  880.2 |
       Dungeon |   3521 |   3458 |     63 |     98 |   2975 |   4 |  880.2 |
               +--------+--------+--------+--------+--------+-----+--------+

Top non-repeatable levels by time:
     D:3: 1260 daAuts
     D:2: 1027 daAuts
     D:1: 937 daAuts
     D:4: 295 daAuts
